 Dungeon Crawl Stone Soup version 0.17.0-1-g61d176b (console) character file.

31 gw the Sneak (level 2, -2/25 HPs)
             Began as a Demigod Assassin on Nov 7, 2015.
             Slain by a worm (10 damage)
             ... on level 2 of the Dungeon.
             The game lasted 00:02:18 (1691 turns).

gw the Sneak (Demigod Assassin)                     Turns: 1691, Time: 00:02:18

Health: -2/25      AC:  6    Str: 14    XL:     2   Next: 90%
Magic:  4/4        EV: 10    Int: 15    God:
Gold:   90         SH:  0    Dex: 17    Spells: 0 memorised, 1 level left

rFire  . . .     SeeInvis .     a - +0 short sword
rCold  . . .     Clarity  .     b - +0 ring mail
rNeg   . . .     SustAt   +     (no shield)
rPois  .         Gourm    .     (no helmet)
rElec  .         Spirit   .     d - +0 cloak
rCorr  .         Warding  .     (no gloves)
rMut   .         Stasis   .     (no boots)
MR     .....                    (no amulet)
Stlth  ++........               (no ring)
                                (no ring)

@: not resistant to hostile enchantments, unstealthy
A: high mp 1, sustain attributes
a: no special abilities


You were on level 2 of the Dungeon.
You were not hungry.

You visited 1 branch of the dungeon, and saw 2 of its levels.

You collected 90 gold pieces.

Inventory:

Hand Weapons
 a - a +0 short sword (weapon)
Missiles
 e - 8 poisoned needles
 f - 2 curare-tipped needles
Armour
 b - a +0 ring mail (worn)
 d - a +0 cloak (worn)
Comestibles
 g - a bread ration


   Skills:
 + Level 2.7 Fighting
 - Level 1.7 Short Blades
 - Level 1.7 Throwing
 + Level 1.3 Armour
 - Level 0.8 Dodging
 - Level 3.6 Stealth


You had one spell level left.
You didn't know any spells.

Dungeon Overview and Level Annotations

Branches:
Dungeon (2/15)

Annotations:
D:1 exclusion: downstairs


Innate Abilities, Weirdness & Mutations

You have an increased reservoir of magic (+10% MP).
Your attributes are resistant to harm.


Message History

ATTACKING (1,0)
You hit the worm.
The worm is severely wounded.
The worm bites you.
Unknown command.
Unknown command.
Unknown command.
Unknown command.
ATTACKING (1,0)
You hit the worm but do no damage.
The worm is heavily wounded.
Unknown command.
Unknown command.
Unknown command.
Unknown command.
ATTACKING (1,0)
You hit the worm.
The worm is severely wounded.
The worm bites you!
You die...

#.[.............>.###.....##....
...##.......!...............##...
######.............###....#......
#..........#...#.[...#.##.##
#..........###%#.#.... .#.#
...........###.#.###... #..
...............#.###... .#
##........###...?.....
#.##.pw).........
#..#####)..###... ?..........# .
.........#.# .........#...
.........#.(## ...w.....##.#
.........# .# ..........


You could see a worm.

Table legend:
 A = Turns spent in this place as a percentage of turns spent in the entire game.
 B = Non-inter-level travel turns spent in this place as a percentage of non-inter-level travel turns spent in the entire game.
 C = Inter-level travel turns spent in this place as a percentage of turns spent in this place.
 D = Turns resting spent in this place as a percentage of non-inter-level travel turns spent in this place.
 E = Turns spent auto-exploring this place as a percentage of non-inter-level travel turns spent in this place.
 F = Non-inter-level travel turns spent in this place divided by the number of levels of this place that you've seen.
                   A       B       C       D       E      F
               +-------+-------+-------+-------+-------+----------------------
         Total | 100.0 | 100.0 |   0.3 |   1.3 |   2.0 | 1587.5
       Dungeon | 100.0 | 100.0 |   0.3 |   1.3 |   2.0 | 1587.5
               +-------+-------+-------+-------+-------+----------------------

Table legend:
 A = Kills in this place as a percentage of kills in entire the game.
 B = Kills by you in this place as a percentage of kills by you in the entire game.
 C = Kills by friends in this place as a percentage of kills by friends in the entire game.
 D = Other kills in this place as a percentage of other kills in the entire game.
 E = Experience gained in this place as a percentage of experience gained in the entire game.
 F = Experience gained in this place divided by the number of levels of this place that you have seen.
                   A       B       C       D       E      F
               +-------+-------+-------+-------+-------+----------------------
         Total | 100.0 | 100.0 |  -nan |  -nan | 100.0 |  22.5
       Dungeon | 100.0 | 100.0 |  -nan |  -nan | 100.0 |  22.5
               +-------+-------+-------+-------+-------+----------------------

Vanquished Creatures
  2 giant geckos (D:1)
  3 giant cockroaches
  6 goblins
  2 hobgoblins (D:1)
  2 jackals (D:1)
  3 ball pythons (D:1)
  2 bats (D:1)
  A giant newt (D:1)
  3 kobolds
  4 rats
28 creatures vanquished.

Notes
Turn   | Place    | Note
--------------------------------------------------------------
     0 | D:1      | gw the Demigod Assassin began the quest for the Orb.
     0 | D:1      | Reached XP level 1. HP: 17/17 MP: 3/3
   251 | D:1      | Reached skill level 1 in Armour
   387 | D:1      | Reached XP level 2. HP: 22/24 MP: 4/4
  1216 | D:2      | HP: 1/25 [worm (4)]
  1691 | D:2      | Slain by a worm

Action                   || total
-------------------------++-------
Melee: Short sword       ||   123
       Dagger            ||     7
  Eat: Chunk             ||     3

Vault maps used:
D:1:      scummos_arrival_checkerplants
